AoeStats
← Ingvared

Black Forest

509697986Analyzed
4v4 RM · 4d ago on Sep 27, 2026· 32m 57s· 8 players
Game mode
Random Map
Map size
Large (8 player)
Population
200
Speed
Normal
Resources
Standard
Victory
Conquest
Starting age
Dark Age
Ending age
Imperial Age
RankedLock teamsTeams togetherTeam positionsShared explorationLock speedFull tech treeHidden civsTurbo modeCheats
Victory
Defeat
🇮🇳 Chinese · India
910
+11
🇨🇦 Mongols · Canada
899
+12
🇹🇼 Varangians · Taiwan
896
+12
🇷🇴 Portuguese · Romania
756
+18
🇦🇷 Mapuche · Argentina
839
-38
🇹🇷 Goths · Türkiye
797
-13
🇩🇪 Khitans · Germany
792
-13
🇬🇧 Britons · United Kingdom
780
-12
Ingvared
mstyvz00
0:44 Loom
13:25 Feudal Age
18:16 Castle Age
17:19 Man-at-Arms
19:45 Scale Mail Armor
19:55 Forging
20:29 Squires
23:00 Long Swordsman
26:01 Double-Bit Axe
32:47 Imperial Age
31:45 Horse Collar
Stoepkakker
0:29 Loom
11:50 Feudal Age
13:08 Double-Bit Axe
17:47 Castle Age
VEXIUM VOID
森永
8:50 Loom
10:51 Feudal Age
18:59 Castle Age
18:35 Double-Bit Axe
18:48 Stone Mining
18:42 Horse Collar
20:28 Forging
20:13 Arson
20:24 Gold Mining
20:50 Bow Saw
22:32 Scale Mail Armor
22:38 Heavy Plow
24:29 Chain Mail Armor
26:19 Squires
27:17 Wheelbarrow
26:56 Gambesons
28:30 Iron Casting
31:06 Hand Cart
34:22 Imperial Age
StudbooSenpai
1:19 Loom
14:59 Feudal Age
19:03 Castle Age
17:47 Stone Mining
17:56 Fletching
20:53 Double-Bit Axe
20:49 Horse Collar
21:48 Bow Saw
21:56 Heavy Plow
23:45 Fletching
23:56 Padded Archer Armor
24:31 Padded Archer Armor
28:55 Bodkin Arrow
31:15 Leather Archer Armor
32:53 Wheelbarrow
32:04 Town Watch
32:28 Great Wall
Laserotron
4:37 Loom
12:46 Feudal Age
13:09 Horse Collar
13:19 Double-Bit Axe
13:26 Gold Mining
16:04 Wheelbarrow
16:33 Stone Mining
22:39 Castle Age
22:28 Scale Barding Armor
23:37 Hand Cart
24:02 Stone Shaft Mining
25:55 Heavy Plow
30:29 Bow Saw
So Premium
Connection lost

Rejoining the realm…

Still unreachable

The connection could not be restored.

Session expired

The server has moved on; the page needs a fresh start.